 Dungeon Crawl Stone Soup version 0.28.0-53-g5a82cb258f (webtiles) character file.

Game seed: 1819465740532179988

861 cbfl8 the Chopper (level 7, 0/93 HPs)
             Began as a Minotaur Berserker on July 26, 2022.
             Was an Elder of Trog.
             Slain by Pikel
             ... wielding a +1 whip of freezing
              (4 damage)
             ... while paralysed by Pikel
             ... on level 4 of the Dungeon.
             The game lasted 00:06:02 (5226 turns).

cbfl8 the Chopper (Minotaur Berserker)              Turns: 5226, Time: 00:06:03

Health: 0/93       AC: 11    Str: 21    XL:     7   Next: 71%
Magic:  6/6        EV:  2    Int:  4    God:    Trog [****..]
Gold:   147        SH:  0    Dex: 12    Spells: 6/6 levels left

rFire   + . .      SeeInvis .   a - +0 hand axe
rCold   . . .      Faith    .   (no shield)
rNeg    . . .      Spirit   .   A - +2 chain mail {rC+}
rPois   .          Reflect  +   (helmet restricted)
rElec   .          Harm     .   (no cloak)
rCorr   .          Rampage  .   (no gloves)
Will    .....                   (no boots)
Stlth   ..........              n - amulet of reflection
HPRegen 0.25/turn               l - ring of fire
MPRegen 0.10/turn               (no ring)

@: paralysed, berserking
A: horns 2, retaliatory headbutt
a: Renounce Religion, Berserk, Trog's Hand, Brothers in Arms


You were on level 4 of the Dungeon.
You worshipped Trog.
Trog was greatly pleased with you.
You visited 1 branch of the dungeon, and saw 4 of its levels.
You also visited: Sewer.

You collected 147 gold pieces.

Inventory:

Hand Weapons
 a - a +0 hand axe (weapon)
Armour
 b - a +0 animal skin
 p - a +0 ring mail
 q - a +0 scale mail
 A - a +2 chain mail of cold resistance (worn)
Jewellery
 l - a ring of fire (left hand)
 n - an amulet of reflection (around neck)
 x - an amulet of guardian spirit
Wands
 y - a wand of flame (13) (quivered)
Scrolls
 c - a scroll of magic mapping {unknown}
 d - a scroll of noise {unknown}
 e - 3 scrolls of vulnerability {unknown}
 h - a scroll of immolation {unknown}
 k - 4 scrolls of teleportation {unknown}
 t - 2 scrolls of identify {unknown}
 w - a scroll of holy word {unknown}
Potions
 f - a potion of degeneration {unknown}
 g - 2 potions of attraction {unknown}
 i - 2 potions of resistance {unknown}
 j - 2 potions of might {unknown}
 m - a potion of mutation {unknown}
 o - a potion of curing
 r - a potion of magic {unknown}
 s - a potion of invisibility {unknown}
 u - a potion of brilliance {unknown}
 v - a potion of cancellation {unknown}
 z - a potion of heal wounds {unknown}
 B - a potion of lignification {unknown}
 C - a potion of flight {unknown}


   Skills:
 * Level 5.9 Fighting
 + Level 7.6 Axes
 + Level 4.3 Armour
 * Level 3.7 Dodging
 * Level 1.5 Stealth
 + Level 2.3 Shields
 * Level 1.2 Evocations


You had 6 spell levels left.
You didn't know any spells.
Your spell library was empty.

Dungeon Overview and Level Annotations

Branches:
Dungeon (4/15)              Sewer (visited)
 Temple: D:4-7

Altars:

Annotations:
D:4 Pikel


Innate Abilities, Weirdness & Mutations

You have a pair of horns on your head.
You reflexively headbutt those who attack you in melee.


Message History

Pikel zaps a wand.
You shrug off the repeated paralysis!
You slash the lemure!
You kill the lemure!
That felt strangely unrewarding.
You closely miss the lemure. x2
You closely miss Pikel. The lemure hits you. x2
Unknown command.
You are too injured to fight recklessly!
Unknown command.
You are too injured to fight recklessly!
Unknown command.
You are too injured to fight recklessly!
Unknown command.
You are too injured to fight recklessly!
Unknown command.
You are too injured to fight recklessly!
You slash Pikel!
Pikel is heavily wounded.
You closely miss the lemure. You hit the lemure.
Pikel hits you with a +1 whip of freezing.
Pikel freezes you. The lemure hits you! The lemure completely misses you.
You closely miss Pikel.
Pikel is heavily wounded.
You hit the lemure. You closely miss the lemure.
Pikel zaps a wand.
You suddenly lose the ability to move!
The lemure hits you.
* * * LOW HITPOINT WARNING * * *
The lemure hits you!
* * * LOW HITPOINT WARNING * * *
Pikel says, "It's all about the gold, really."
Pikel hits you but does no damage. The lemure hits you but does no damage.
The lemure hits you.
* * * LOW HITPOINT WARNING * * *
Pikel hits you but does no damage. The lemure hits you but does no damage.
The lemure hits you but does no damage.
Pikel zaps a wand.
You shrug off the repeated paralysis!
The lemure hits you but does no damage. The lemure hits you.
* * * LOW HITPOINT WARNING * * *
Pikel hits you with a +1 whip of freezing!
* * * LOW HITPOINT WARNING * * *
Pikel freezes you.
You die...

##...:.##
##.......##
#.........#
###
+.........+
...
#.........#
### #.......#
#.55K.# #.@.#
##'## #.# #.#
#(#######.##
#..........##
#######.....#
##...##.#.#
#....>...#


You could see Pikel and 2 lemures.

Vanquished Creatures
  Eustachio (D:4)
  A necrophage (D:4)
  2 lemures (D:4)
  A kobold brigand (Sewer)
  A jelly (D:3)
  Ijyb (D:4)
  4 orc wizards
  Natasha (twice) (D:4)
  Robin (D:4)
  5 gnolls
  6 adders
  A river rat (D:3)
  An ufetubus (D:4)
  4 worms
  2 dart slugs
  11 orcs
  13 endoplasms
  3 giant cockroaches
  6 hobgoblins
  5 jackals
  27 kobolds
  8 quokkas
  10 ball pythons
  11 bats
  6 frilled lizards
  18 goblins
  14 rats
165 creatures vanquished.

Vanquished Creatures (collateral kills)
  2 orc priests (D:4)
  An orc (D:4)
  A hobgoblin (D:4)
4 creatures vanquished.

Vanquished Creatures (others)
  2 fungi (Sewer)
  3 plants (Sewer)
5 creatures vanquished.

Grand Total: 174 creatures vanquished

Notes
Turn   | Place    | Note
-------+----------+-------------------------------------------
     0 | D:1      | cbfl8 the Minotaur Berserker began the quest for the Orb.
     0 | D:1      | Reached XP level 1. HP: 19/19 MP: 0/0
   318 | D:1      | Reached skill level 4 in Axes
   318 | D:1      | Reached XP level 2. HP: 24/27 MP: 1/1
   809 | D:1      | Reached ** piety under Trog
   835 | D:1      | You fall into a shaft and drop 1 floor!
   847 | D:2      | Reached XP level 3. HP: 33/33 MP: 2/2
  1195 | D:2      | Reached skill level 5 in Axes
  1196 | D:2      | Reached XP level 4. HP: 41/41 MP: 3/3
  2049 | D:1      | Found a faded altar of an unknown god.
  2290 | D:3      | Reached skill level 5 in Fighting
  2290 | D:3      | Reached XP level 5. HP: 48/48 MP: 4/4
  2487 | D:3      | Reached *** piety under Trog
  2519 | D:3      | Found a glowing drain.
  2528 | Sewer    | Entered a sewer
  2871 | Sewer    | Reached skill level 6 in Axes
  2952 | Sewer    | Reached XP level 6. HP: 56/56 MP: 5/5
  3147 | D:3      | Reached **** piety under Trog
  3329 | D:3      | Reached skill level 1 in Shields
  4291 | D:4      | Noticed Ijyb
  4310 | D:4      | Killed Ijyb
  4549 | D:4      | Reached skill level 7 in Axes
  4622 | D:4      | Reached XP level 7. HP: 58/61 MP: 6/6
  4677 | D:4      | Noticed Robin
  4694 | D:4      | Killed Robin
  4807 | D:4      | Noticed Natasha
  4814 | D:4      | Killed Natasha
  4815 | D:4      | Reached skill level 1 in Stealth
  4973 | D:4      | Noticed Natasha
  4980 | D:4      | Killed Natasha
  5043 | D:4      | Noticed Eustachio
  5082 | D:4      | Killed Eustachio
  5083 | D:4      | Reached skill level 1 in Evocations
  5203 | D:4      | Noticed Pikel
  5215 | D:4      | Paralysed by Pikel for 4 turns
  5222 | D:4      | Paralysed by Pikel for 5 turns
  5226 | D:4      | HP: 4/93 [Pikel/+1 whip of freezing (8)]
  5226 | D:4      | Slain by Pikel

Illustrated notes

Levels and vault maps discovered:
D:1:      minmay_arrival_cross, layout_basic,
          dreamdust_ecumenical_altar_angels_and_demons, supply_closet_lemuel,
          nrook_uturn, minmay_split_cup_large
D:2:      minmay_recursive_quarters, layout_basic, minmay_diced_spiral
D:3:      layout_basic, gup_sewer_entry_bubbles
D:4:      layout_loops_corners, uniq_robin, uniq_ijyb, uniq_pikel,
          uniq_eustachio, uniq_natasha

Skill      XL: |  1  2  3  4  5  6  7 |
---------------+----------------------+-----
Axes           | 4 5 6 7 |  7.6
Fighting       | 4 5 |  5.9
Armour         | 3 4 |  4.3
Dodging        | 3 |  3.7
Shields        | 1 2 |  2.3
Stealth        | 1 |  1.5
Evocations     | 1 |  1.2

Action                   |  1- 3 |  4- 6 |  7- 9 || total
-------------------------+-------+-------+-------++-------
Melee: Hand axe          |    76 |   210 |   101 ||   387
       Headbutt          |    10 |    30 |    15 ||    55
       Punch             |     2 |     2 |     5 ||     9
Invok: Berserk           |     2 |     3 |     2 ||     7
       Trog's Hand       |       |     1 |       ||     1
       Brothers in Arms  |       |     1 |       ||     1
 Stab: Sleeping          |       |     1 |       ||     1
Armor: Animal skin       |    22 |     2 |       ||    24
       Scale mail        |       |    28 |       ||    28
       Chain mail        |       |     5 |    59 ||    64
Dodge: Dodged            |    57 |    84 |    43 ||   184
Block: Other             |       |    48 |    16 ||    64
       Reflection        |       |     1 |       ||     1
